 Dungeon Crawl Stone Soup version 0.19.1 (webtiles) character file.

15353 XO4YCPATb the Peltast (level 12, -1/96 HPs)
             Began as a Deep Dwarf Fighter on Dec 11, 2016.
             Was the Champion of Makhleb.
             Slain by a hill giant
             ... wielding a +0 giant spiked club
              (35 damage)
             ... on level 11 of the Dungeon.
             The game lasted 00:24:19 (9188 turns).

XO4YCPATb the Peltast (Deep Dwarf Fighter)          Turns: 9188, Time: 00:24:21

Health: -1/96      AC: 20    Str: 25    XL:     12   Next: 0%
Magic:  9/9        EV:  8    Int:  9    God:    Makhleb [******]
Gold:   346        SH: 14    Dex: 12    Spells: 0 memorised, 11 levels left

rFire  . . .     SeeInvis .     w - +0 war axe (elec)
rCold  . . .     Gourm    .     b - +0 chain mail {rPois}
rNeg   . . .     Faith    .     c - +0 shield
rPois  +         Spirit   .     y - +0 helmet
rElec  .         Reflect  .     (no cloak)
rCorr  .         Harm     .     L - +0 pair of gloves
MR     +....                    (no boots)
Stlth  ..........               (no amulet)
                                H - +3 ring of protection
                                z - +5 ring of protection

@: non-regenerating
A: damage resistance, recharge devices, sense surroundings 2, slow regeneration
3
a: Device Recharging, Minor Destruction, Lesser Servant of Makhleb, Major
Destruction, Greater Servant of Makhleb, Renounce Religion


You were on level 11 of the Dungeon.
You worshipped Makhleb.
Makhleb was exalted by your worship.
You were not hungry.

You visited 1 branch of the dungeon, and saw 11 of its levels.
You also visited: Sewer.

You collected 516 gold pieces.
You spent 170 gold pieces at shops.

Inventory:

Hand Weapons
 w - a +0 war axe of electrocution (weapon)
 M - a +1 whip of electrocution
Armour
 b - a +0 chain mail of poison resistance (worn)
 c - a +0 shield (worn)
 y - a +0 helmet (worn)
 L - a +0 pair of gloves (worn)
 P - the +6 scale mail of Veleq {rC- rCorr Int+4}
   (You found it on level 10 of the Dungeon)

   It affects your intelligence (+4).
   It makes you vulnerable to cold.
   It protects you from acid and corrosion.
Jewellery
 a - an uncursed amulet of rage {unknown}
 i - an uncursed ring of flight
 z - a +5 ring of protection (left hand)
 A - an uncursed ring of see invisible
 H - a +3 ring of protection (right hand)
 N - a +2 amulet of reflection {unknown}
Wands
 e - a wand of heal wounds (1/9)
 x - a wand of random effects (19/48)
 I - a wand of lightning (5/15)
 R - a wand of polymorph (10/24)
Scrolls
 j - 2 scrolls of noise
 k - a scroll of enchant armour
 m - 4 scrolls of remove curse
 o - 4 scrolls of enchant weapon
 u - 2 scrolls of magic mapping
 B - 3 scrolls of fog
 C - 2 scrolls of recharging
 D - 3 scrolls of fear
 F - 2 scrolls of immolation
 J - a scroll of teleportation
Potions
 d - 3 potions of might
 g - 9 potions of heal wounds
 h - a potion of invisibility {unknown}
 l - 5 potions of curing
 q - 2 potions of berserk rage
 t - 5 potions of agility
 E - a potion of brilliance {unknown}
 G - a potion of flight
 K - a potion of haste {unknown}
 O - a potion of lignification {unknown}
Comestibles
 f - 8 bread rations
 n - 3 meat rations
 p - 2 beef jerkies
 r - 10 fruits
 s - 2 royal jellies
 v - 4 slices of pizza
 Q - 20 chunks of flesh


   Skills:
 - Level 2.6 Fighting
 + Level 12.6(12.8) Axes
 - Level 3.3(8.3) Maces & Flails
 - Level 5.0 Armour
 + Level 15.7 Shields
 - Level 1.6 Invocations


You had 11 spell levels left.
You didn't know any spells.

Dungeon Overview and Level Annotations

Branches:
Dungeon (11/15)            Temple (0/1) D:7            Lair (0/6) D:11
    Orc (0/2) D:10

Altars:
Fedhas
Makhleb
Okawaru
Qazlal

Shops:
D:5 *   D:6 =?:

Annotations:
D:6 recharging scroll, rC, MR, Fire, rN, reflect +5


Innate Abilities, Weirdness & Mutations

You are resistant to damage.
You can recharge devices by infusing magical energy.
You passively map the area around you.
You do not regenerate.


Message History

Your chain mail prevents you from hitting the yak.
The yak is severely wounded.
You completely miss the yak. You hit the hill giant.
Your chain mail prevents you from hitting the water moccasin.
The hill giant hits you with a giant spiked club!
The yak gores you. You block the water moccasin's attack.
A manticore comes into view.
You closely miss the yak.
The yak is severely wounded.
You closely miss the water moccasin.
You hit the hill giant but do no damage.
You slash the orc!
You kill the orc!
Makhleb accepts your kill.
You feel better.
You hit the hill giant. You hit the yak.
There is a sudden explosion of sparks!
The yak gores you. You block the water moccasin's attack.
The hill giant hits you with a giant club!
The hill giant hits you with a giant spiked club!!!
You die...

≈ ≈≈≈ ,,, , ≈≈
***########.......
, ,
......$....K... ,
, , ,,
.......o...... ,,
, ,,...8........#
, ,
,.....!......#, ,
,,.H..........+ ,
,≈ ≈ ..>...)CS...#
, ......C@....# *
, ,......YYY......
,,, ,
............... ,
, , ,
...............
..............., *
*
**########.......
≈ ≈≈≈≈≈≈≈#...>...
> ≈ ≈≈≈ ≈≈
≈≈≈≈≈≈≈#....... ,
≈ ≈ ≈ ≈ *, , , ≈ ≈


You could see 2 hill giants, a manticore, a kobold demonologist, 3 yaks, a water
moccasin and an orc wizard.

Vanquished Creatures
  Pikel (D:9)
  5 hill giants
  A manticore (D:10)
  A gargoyle (D:10)
  A komodo dragon (D:11)
  6 trolls (D:10)
  A merfolk (D:10)
  A two-headed ogre (D:10)
  4 hippogriffs
  Grinder (D:4)
  Sigmund (D:4)
  4 wyverns (D:10)
  7 yaks (D:10)
  A steam dragon (D:11)
  2 hogs (D:10)
  Menkaure (D:4)
  Duvessa (D:6)
  7 orc warriors
  A sky beast (D:8)
  2 ice beasts
  3 phantoms
  2 slaves (D:9)
  10 black bears
  An eye of draining (D:10)
  The ghost of dajomu the Shield-Bearer, an amateur HuFi of Makhleb (D:4)
  3 ogres
  9 centaurs
  3 big kobolds
  8 bullfrogs
  A gnoll sergeant (D:10)
  6 scorpions
  Dowan (D:6)
  11 wights (D:10)
  7 howler monkeys
  5 electric eels
  5 crimson imps
  2 bullfrog zombies
  A quasit (D:10)
  A jelly (D:8)
  2 centaur skeletons
  3 orc priests
  3 gnoll shamans (D:10)
  5 hounds
  A bullfrog skeleton (D:9)
  12 orc wizards
  An iguana (D:6)
  5 worker ants
  A killer bee zombie (D:8)
  A hound zombie (D:6)
  A howler monkey zombie (D:8)
  Robin (D:4)
  14 adders
  4 river rats (Sewer)
  5 shadow imps
  An ooze (D:1)
  An adder zombie (D:5)
  2 worms
  2 dart slugs
  5 leopard geckos
  49 orcs
  3 bats
  7 giant cockroaches
  11 goblins
  10 hobgoblins
  8 jackals
  19 kobolds
  7 quokkas
  8 ball pythons
  6 frilled lizards
  2 leopard gecko zombies (D:5)
  26 rats
  9 plants (D:10)
  3 toadstools (D:1)
367 creatures vanquished.

Vanquished Creatures (others)
  A slave (D:9)
  A toadstool (D:1)
2 creatures vanquished.

Grand Total: 369 creatures vanquished

Notes
Turn   | Place    | Note
-------+----------+-------------------------------------------
     0 | D:1      | XO4YCPATb the Deep Dwarf Fighter began the quest for the Orb.
     0 | D:1      | Reached XP level 1. HP: 20/20 MP: 1/1
   178 | D:1      | Reached XP level 2. HP: 22/27 MP: 2/2
   684 | D:2      | Reached XP level 3. HP: 19/33 MP: 3/3
   782 | D:2      | Found a burning altar of Makhleb.
   787 | D:2      | Became a worshipper of Makhleb the Destroyer
  1064 | D:2      | Reached XP level 4. HP: 21/40 MP: 4/4
  1117 | D:2      | Found a blossoming altar of Fedhas.
  1370 | D:3      | Reached skill level 4 in Shields
  1370 | D:3      | Reached skill level 1 in Invocations
  1389 | D:3      | Reached XP level 5. HP: 34/46 MP: 6/6
  1521 | D:3      | Reached skill level 5 in Axes
  2187 | D:4      | Noticed a fire elemental
  2188 | D:4      | Noticed Sigmund
  2189 | D:4      | Found a stormy altar of Qazlal.
  2207 | D:4      | Killed Sigmund
  2207 | D:4      | Reached XP level 6. HP: 37/55 MP: 7/7
  2212 | D:4      | Noticed a water elemental
  2212 | D:4      | Noticed an air elemental
  2241 | D:4      | Found an iron altar of Okawaru.
  2333 | D:4      | Reached skill level 5 in Shields
  2360 | D:4      | Reached * piety under Makhleb
  2368 | D:4      | Noticed Robin
  2372 | D:4      | Noticed Menkaure
  2379 | D:4      | Killed Robin
  2394 | D:4      | Killed Menkaure
  2394 | D:4      | Reached XP level 7. HP: 38/61 MP: 7/7
  2455 | D:4      | Noticed dajomu's ghost (amateur HuFi)
  2467 | D:4      | Killed dajomu's ghost
  2720 | D:4      | Reached skill level 6 in Shields
  2737 | D:4      | Noticed Grinder
  2748 | D:4      | Killed Grinder
  2969 | D:5      | Entered Level 5 of the Dungeon
  2993 | D:5      | Reached XP level 8. HP: 68/68 MP: 7/7
  3061 | D:5      | Found Qocw's Assorted Antiques.
  3079 | D:5      | Reached ** piety under Makhleb
  3357 | D:5      | Bought a scroll labeled BISOETTANTI for 22 gold pieces
  3357 | D:5      | Bought a scroll labeled MOTEXY HUEWA for 22 gold pieces
  3357 | D:5      | Bought a scroll labeled REUNUE TARO for 22 gold pieces
  3775 | D:5      | Reached skill level 7 in Shields
  4007 | D:6      | Found a glowing drain.
  4025 | Sewer    | Entered a sewer
  4171 | Sewer    | Reached *** piety under Makhleb
  4953 | D:6      | Found Kuchima's Book Boutique.
  4982 | D:6      | Noticed Duvessa
  4983 | D:6      | Noticed Dowan
  4989 | D:6      | Killed Dowan
  4989 | D:6      | Reached skill level 10 in Axes
  5002 | D:6      | Killed Duvessa
  5043 | D:6      | Found Vuulyczo's Magic Scroll Emporium.
  5046 | D:6      | Bought a scroll of identify for 26 gold pieces
  5046 | D:6      | Bought a scroll of fog for 26 gold pieces
  5046 | D:6      | Bought a scroll of identify for 26 gold pieces
  5046 | D:6      | Bought a scroll of identify for 26 gold pieces
  5062 | D:6      | Reached skill level 8 in Shields
  5067 | D:6      | Found Lech's Jewellery Shoppe.
  5157 | D:6      | Reached **** piety under Makhleb
  5157 | D:6      | Gained mutation: You passively map the area around you. [Deep Dwarf growth]
  5157 | D:6      | Reached XP level 9. HP: 48/74 MP: 8/8
  5802 | D:7      | Found a staircase to the Ecumenical Temple.
  6093 | D:8      | Reached skill level 9 in Shields
  6253 | D:8      | Reached skill level 5 in Armour
  6450 | D:8      | Reached skill level 10 in Shields
  6488 | D:9      | Noticed Pikel
  6513 | D:9      | Killed Pikel
  6513 | D:9      | Reached XP level 10. HP: 42/81 MP: 9/9
  6589 | D:9      | Noticed a hill giant
  6616 | D:9      | Killed a hill giant
  6616 | D:9      | Reached skill level 1 in Maces & Flails
  6616 | D:9      | Reached skill level 11 in Shields
  6620 | D:9      | Reached ***** piety under Makhleb
  7356 | D:9      | Noticed a hill giant
  7387 | D:9      | Killed a hill giant
  7387 | D:9      | Reached skill level 12 in Shields
  7411 | D:10     | Entered Level 10 of the Dungeon
  7414 | D:10     | Found a staircase to the Orcish Mines.
  7640 | D:10     | Reached skill level 13 in Shields
  7701 | D:10     | Noticed a hill giant
  7708 | D:10     | Reached XP level 11. HP: 73/88 MP: 8/8
  7731 | D:10     | Killed a hill giant
  7731 | D:10     | Reached skill level 14 in Shields
  7744 | D:10     | Noticed a hill giant
  7764 | D:10     | Killed a hill giant
  7764 | D:10     | Reached skill level 15 in Shields
  8061 | D:10     | Reached ****** piety under Makhleb
  8239 | D:10     | Found a blossoming altar of Fedhas.
  8507 | D:10     | Got a brightly glowing scale mail
  8518 | D:10     | Identified the +6 scale mail of Veleq {rC- rCorr Int+4} (You found it on level 10 of the Dungeon)
  9110 | D:11     | Noticed a hill giant
  9125 | D:11     | Killed a hill giant
  9132 | D:11     | Noticed a five-headed hydra
  9146 | D:10     | Reached XP level 12. HP: 60/96 MP: 9/9
  9188 | D:11     | Slain by a hill giant

Skill      XL: |  1  2  3  4  5  6  7  8  9 10 11 |
---------------+----------------------------------+-----
Axes           | 3 4 6 8 10 11 12 | 12.6
Shields        | 4 5 6 8 10 13 15 | 15.7
Invocations    | 1 |  1.6
Armour         | 5 |  5.0
Maces & Flails | 2 3 |  3.3
Fighting       | |  2.6

Action                   |  1- 3 |  4- 6 |  7- 9 | 10-12 || total
-------------------------+-------+-------+-------+-------++-------
Melee: War axe           |    83 |   130 |   551 |   394 ||  1158
       Whip              |       |       |       |    92 ||    92
 Abil: Device Recharging |       |     1 |     1 |     2 ||     4
Evoke: Wand              |       |     8 |     9 |     9 ||    26
  Use: Scroll            |       |       |    16 |     4 ||    20
  Eat: Chunk             |     1 |     4 |    14 |    10 ||    29
Armor: Scale mail        |    33 |    51 |   103 |       ||   187
       Plate armour      |       |       |    15 |       ||    15
       Chain mail        |       |       |    85 |   267 ||   352
Dodge: Dodged            |    27 |    42 |   147 |   145 ||   361
Block: Shield            |    43 |    65 |   312 |   372 ||   792
